Map: Pillars of Gold LE

Players

ViBE - Winner!

  • Race: Protoss Protoss
  • League: Platinum
  • Spawn Location: 1:00

quaranscheme

  • Race: Protoss Protoss
  • League: Platinum
  • Spawn Location: 7:00

VOD

Have the link to the VOD?

Description

Time

  • Played on: March 27, 2021, 9:33 p.m.
  • Length: 19:11
Show
View Real Time Build Order
Export as new Build Order

ViBE Protoss - Winner!

Build Orders: 1 Gate Expand 

Get SALT Encoding   

  12  0:00  Probe  
  13  0:12  Probe  
  14  0:25  Pylon  
  14  0:27  Probe  
  15  0:43  Probe (Chrono Boost)  
  15  0:44  Gateway  
  16  0:51  Assimilator  
  16  0:54  Probe (Chrono Boost)  
  17  0:59  Probe (Chrono Boost)  
  18  1:10  Probe  
  19  1:22  Probe  
  20  1:30  Nexus  
  20  1:38  Cybernetics Core  
  20  1:41  Probe  
  20  1:45  Assimilator  
  21  1:54  Probe  
  22  1:58  Pylon  
  22  2:07  Probe  
  23  2:16  Stalker, Warp Gate  
  25  2:26  Pylon  
  25  2:27  Probe  
  26  2:39  Robotics Facility  
  26  2:40  Gateway  
  26  2:43  Probe  
  27  2:46  Probe  
  28  2:52  Shield Battery  
  28  3:01  Stalker  
  28  3:05  Probe x2  
  32  3:17  Probe (Chrono Boost)  
  32  3:18  Probe (Chrono Boost)  
  31  3:27  Probe x2 (Chrono Boost)  
  31  3:32  Probe x2 (Chrono Boost)  
  31  3:43  Probe (Chrono Boost)  
  31  3:44  Probe (Chrono Boost)  
  33  3:54  Immortal  
  33  3:55  Probe (Chrono Boost)  
  38  4:00  Probe x2 (Chrono Boost)  
  40  4:08  Stalker  
  42  4:10  Probe (Chrono Boost)  
  42  4:11  Probe (Chrono Boost)  
  44  4:19  Stalker  
  44  4:22  Probe (Chrono Boost)  
  44  4:23  Probe (Chrono Boost)  
  48  4:27  Probe x2 (Chrono Boost)  
  50  4:33  Observer, Stalker  
  50  4:37  Probe  
  54  4:45  Pylon  
  54  4:46  Probe  
  54  4:51  Pylon  
  54  5:03  Probe x2  
  54  5:04  Immortal  
  60  5:09  Nexus  
  60  5:11  Pylon  
  60  5:15  Stalker  
  60  5:19  Stalker  
  64  5:23  Probe x2  
  64  5:28  Assimilator  
  66  5:32  Assimilator  
  66  5:41  Stalker  
  68  5:43  Probe x2, Immortal  
  68  5:49  Stalker  
  76  5:55  Probe x2  
  78  6:02  Pylon  
  78  6:04  Pylon  
  78  6:13  Pylon  
  78  6:20  Probe x2  
  78  6:21  Pylon, Stalker  
  78  6:22  Stalker  
  84  6:28  Immortal  
  84  6:32  Probe x2 (Chrono Boost)  
  91  6:33  Probe (Chrono Boost)  
  91  6:46  Probe x2 (Chrono Boost), Stalker  
  91  6:47  Probe (Chrono Boost), Stalker  
  96  6:51  Twilight Council  
  96  6:53  Forge  
  98  6:56  Forge  
  98  6:57  Probe x2  
  98  6:59  Probe  
  101  7:07  Immortal  
  105  7:10  Sentry  
  105  7:12  Stalker  
  109  7:16  Probe x2  
  109  7:17  Probe  
  110  7:24  Pylon  
  110  7:28  Probe x2  
  110  7:29  Probe  
  107  7:37  Photon Cannon  
  107  7:40  Shield Battery  
  107  7:44  Charge  
  107  7:46  Photon Cannon  
  107  7:49  Probe x2  
  109  7:52  Photon Cannon  
  109  7:54  Shield Battery  
  109  7:56  Immortal  
  113  8:00  Probe  
  113  8:01  Probe x2  
  113  8:03  Protoss Ground Weapons Level 1 (Chrono Boost), Protoss Ground Armor Level 1 (Chrono Boost)  
  116  8:12  Probe  
  116  8:17  Templar Archives  
  116  8:30  Nexus  
  116  8:32  Pylon  
  116  8:36  Pylon  
  116  8:41  Assimilator  
  116  8:43  Assimilator  
  116  8:44  Immortal  
  116  8:45  Zealot x2  
  124  8:53  Gateway  
  124  8:55  Gateway  
  124  8:59  Gateway  
  124  9:00  Gateway  
  124  9:05  Gateway  
  124  9:10  Gateway  
  124  9:12  Pylon  
  124  9:14  Probe x3  
  127  9:26  Probe x3  
  127  9:29  Photon Cannon  
  130  9:31  Photon Cannon, High Templar x2  
  130  9:32  Shield Battery  
  130  9:36  Immortal  
  138  9:50  Probe x3  
  138  9:51  Probe  
  142  9:53  High Templar x2  
  142  9:55  Photon Cannon  
  146  10:01  Photon Cannon  
  146  10:06  Photon Cannon  
  146  10:08  Protoss Ground Weapons Level 2 (Chrono Boost), Protoss Ground Armor Level 2 (Chrono Boost)  
  146  10:10  Probe x2  
  146  10:11  Probe  
  149  10:22  High Templar x4  
  149  10:23  Probe x2, High Templar  
  149  10:24  High Templar  
  149  10:25  Probe  
  164  10:28  Pylon  
  164  10:38  Pylon, Assimilator x2  
  164  10:41  Nexus  
  164  10:43  Archon x3  
  164  10:44  Archon x2, Pylon  
  164  10:46  Probe  
  164  10:47  Pylon  
  165  10:54  Probe x2  
  165  10:55  Probe  
  168  10:58  Probe  
  169  11:06  Probe x2  
  169  11:07  Probe  
  169  11:08  Zealot  
  169  11:09  Zealot x6  
  169  11:10  Zealot  
  188  11:12  Immortal  
  192  11:22  Pylon  
  192  11:27  Pylon  
  192  11:31  Photon Cannon  
  192  11:33  Photon Cannon, Zealot x2, Shield Battery  
  196  11:41  Zealot  
  196  11:42  Zealot  
  200  12:12  Protoss Ground Weapons Level 3 (Chrono Boost)  
  198  12:29  Robotics Facility  
  178  12:31  Gateway  
  178  12:35  Gateway  
  178  12:36  Gateway  
  164  12:37  Gateway  
  164  12:40  Gateway  
  164  12:41  Gateway  
  142  12:44  Gateway  
  142  12:45  Gateway x2  
  142  12:46  Assimilator  
  142  12:47  Gateway, Immortal  
  142  12:48  Zealot, Assimilator  
  142  12:49  Gateway, Zealot x6  
  142  12:50  Zealot  
  136  12:51  Gateway  
  136  12:53  Gateway  
  110  13:05  Protoss Ground Armor Level 3 (Chrono Boost)  
  106  13:09  High Templar x2, Immortal (Chrono Boost)  
  106  13:10  High Templar x5, Nexus  
  106  13:11  High Templar  
  122  13:14  Pylon  
  122  13:17  Pylon  
  126  13:20  Observer  
  126  13:24  Archon x2  
  126  13:25  Archon x2  
  127  13:38  Immortal (Chrono Boost)  
  127  13:42  Dark Shrine  
  127  13:45  Immortal (Chrono Boost)  
  127  13:46  Photon Cannon  
  127  13:47  Photon Cannon  
  135  13:48  Shield Battery  
  135  13:58  High Templar x3  
  135  13:59  High Templar x5  
  135  14:00  High Templar x4  
  135  14:01  Zealot x2  
  135  14:02  Zealot x2  
  167  14:07  Pylon  
  167  14:20  Archon x5  
  167  14:22  Archon  
  167  14:23  High Templar  
  169  14:24  Pylon  
  169  14:27  Zealot x5  
  169  14:28  Zealot  
  169  14:29  Immortal  
  169  14:30  Immortal  
  187  14:40  Pylon  
  187  14:45  Zealot x3  
  189  14:46  Zealot x3  
  189  14:47  Pylon  
  189  14:48  Nexus  
  189  14:49  Pylon  
  150  15:00  Zealot x5  
  150  15:01  Zealot x6  
  150  15:02  Zealot x3  
  176  15:09  Immortal x2  
  182  15:22  High Templar x6  
  182  15:23  High Templar x3  
  182  15:27  Archon x4  
  200  15:29  Nexus  
  200  15:30  Pylon  
  200  15:33  Archon  
  200  15:34  Pylon  
  200  15:43  Protoss Shields Level 1 (Chrono Boost)  
  190  16:03  Photon Cannon  
  186  16:04  Probe x2, Photon Cannon  
  186  16:05  Probe, Shield Battery  
  186  16:09  Zealot x2  
  186  16:10  Zealot x4  
  186  16:11  Zealot  
  199  16:13  Observer  
  198  16:24  High Templar x2  
  200  16:31  Archon  
  200  16:42  Assimilator  
  200  16:44  High Templar x2  
  200  16:47  Assimilator  
  200  16:49  Archon  
  192  17:18  Zealot x4  
  192  17:19  Zealot  
  192  17:20  High Templar x2  
  200  17:25  Archon  
  200  17:26  Zealot  
  180  18:17  Nexus  
  180  18:19  Pylon  
  175  18:23  Observer (Chrono Boost)  
  172  18:32  Zealot x4  
  172  18:33  Zealot x2  
  184  18:35  High Templar x2  
  184  18:36  High Templar x2  
  184  18:40  Archon x2  
  188  18:41  Zealot x2  
  188  18:42  Zealot x4  
  198  19:05  Nexus  
  198  19:08  Pylon  
Show
View Real Time Build Order
Export as new Build Order

quaranscheme Protoss 

Build Orders: Carriers 

Get SALT Encoding   

  12  0:00  Probe  
  13  0:12  Probe  
  14  0:22  Pylon  
  14  0:25  Probe (Chrono Boost)  
  15  0:42  Probe (Chrono Boost), Gateway  
  16  0:47  Probe (Chrono Boost)  
  16  0:48  Assimilator  
  17  0:58  Probe (Chrono Boost)  
  18  1:04  Gateway  
  18  1:11  Probe (Chrono Boost)  
  20  1:19  Probe (Chrono Boost)  
  20  1:30  Cybernetics Core  
  20  1:32  Assimilator  
  20  1:37  Probe  
  21  1:42  Pylon  
  21  1:50  Probe  
  22  2:08  Pylon  
  22  2:09  Probe (Chrono Boost), Warp Gate  
  22  2:10  Adept  
  22  2:11  Adept  
  27  2:21  Probe (Chrono Boost)  
  28  2:32  Twilight Council  
  28  2:48  Stalker x2  
  32  2:52  Gateway  
  30  3:36  Probe  
  30  3:39  Nexus  
  29  3:45  Robotics Facility  
  29  3:48  Probe  
  30  4:00  Probe  
  30  4:02  Pylon  
  31  4:03  Stalker x2  
  35  4:12  Probe  
  35  4:15  Forge  
  36  4:24  Probe  
  36  4:28  Stalker  
  36  4:30  Blink (Chrono Boost)  
  36  4:31  Stalker  
  41  4:44  Protoss Ground Weapons Level 1 (Chrono Boost)  
  41  4:45  Probe  
  42  4:47  Observer  
  43  4:57  Probe  
  44  5:06  Probe  
  45  5:09  Probe  
  45  5:10  Observer  
  47  5:21  Dark Shrine  
  47  5:36  Probe  
  47  5:37  Probe  
  49  5:43  Nexus  
  49  5:47  Pylon  
  49  5:49  Probe  
  50  6:01  Immortal (Chrono Boost)  
  54  6:14  Probe x2  
  54  6:17  Shield Battery  
  56  6:22  Assimilator  
  56  6:24  Charge  
  56  6:26  Probe, Assimilator  
  56  6:27  Probe  
  56  6:31  Gateway  
  56  6:32  Gateway x2  
  58  6:39  Dark Templar  
  60  6:42  Dark Templar  
  60  6:44  Probe x2  
  64  6:56  Probe  
  64  6:57  Probe  
  64  6:58  Probe  
  67  7:08  Probe  
  67  7:09  Probe  
  69  7:23  Probe x3  
  69  7:27  Assimilator  
  72  7:31  Assimilator  
  72  7:35  Probe x2  
  72  7:36  Probe, Immortal  
  78  7:46  Shadow Stride (Chrono Boost)  
  78  7:47  Protoss Ground Weapons Level 2 (Chrono Boost), Stargate  
  78  7:54  Dark Templar  
  78  7:56  Probe (Chrono Boost)  
  78  7:57  Probe (Chrono Boost)  
  78  7:58  Probe (Chrono Boost)  
  83  8:08  Probe (Chrono Boost)  
  85  8:13  Pylon  
  85  8:14  Probe (Chrono Boost)  
  85  8:18  Robotics Facility  
  85  8:28  Pylon  
  85  8:29  Pylon  
  85  8:31  Probe x3  
  85  8:32  Fleet Beacon  
  88  8:50  Immortal (Chrono Boost)  
  88  8:51  Probe x2  
  88  8:55  Nexus  
  93  8:57  Pylon  
  93  8:58  Pylon  
  93  9:02  Probe  
  94  9:03  Probe  
  94  9:05  Probe  
  94  9:08  Immortal (Chrono Boost)  
  100  9:14  Probe  
  100  9:16  Probe, Photon Cannon  
  102  9:23  Gateway  
  102  9:24  Gateway  
  102  9:26  Gateway  
  102  9:28  Gateway  
  102  9:29  Carrier (Chrono Boost)  
  107  9:35  Probe x3  
  111  9:47  Probe x2  
  111  9:51  Pylon  
  117  9:53  Pylon  
  117  9:54  Immortal (Chrono Boost)  
  117  9:57  Pylon  
  117  10:00  Probe  
  117  10:04  Immortal (Chrono Boost)  
  117  10:06  Probe, Pylon  
  122  10:10  Pylon  
  122  10:13  Dark Templar x2  
  122  10:14  Dark Templar x2  
  128  10:17  Archon  
  128  10:18  Archon  
  130  10:22  Stalker x2  
  130  10:26  Carrier (Chrono Boost)  
  140  10:31  Probe x4  
  140  10:35  Shield Battery, Assimilator  
  144  10:41  Immortal  
  144  10:42  Assimilator  
  148  10:43  Probe x2  
  148  10:44  Observer  
  151  10:58  Probe x3  
  151  11:01  Dark Templar x2  
  151  11:02  Dark Templar x2  
  151  11:03  Probe  
  163  11:06  Archon x2  
  163  11:10  Probe x2  
  163  11:11  Probe  
  166  11:13  Stargate  
  166  11:19  Carrier (Chrono Boost)  
  172  11:45  Pylon x2  
  172  11:47  Pylon x2  
  172  11:48  Pylon  
  172  11:56  Nexus  
  172  11:57  Pylon  
  172  12:04  Warp Prism  
  172  12:05  Immortal  
  172  12:07  Dark Templar x2  
  172  12:08  Dark Templar x2  
  186  12:16  Archon x2  
  177  12:34  Zealot x3  
  177  12:35  Zealot x2  
  174  12:49  Zealot x2  
  174  12:50  Zealot x2  
  156  13:01  Immortal x2  
  156  13:05  Carrier x2  
  176  13:08  Protoss Shields Level 1 (Chrono Boost)  
  176  13:23  Protoss Air Weapons Level 1 (Chrono Boost)  
  176  13:25  Dark Templar x4  
  184  13:38  Zealot x5  
  190  14:11  Zealot x3  
  190  14:12  Zealot x3  
  190  14:13  Zealot  
  194  14:35  Probe x3  
  197  14:47  Nexus  
  197  14:48  Pylon  
  197  14:51  Pylon  
  197  14:52  Pylon  
  139  15:17  Zealot x4  
  139  15:18  Zealot x5  
  139  15:20  Carrier x2  
  159  15:33  Immortal x2  
  167  15:39  Robotics Facility  
  167  15:43  Robotics Bay  
  165  15:50  Gateway  
  165  15:54  Gateway, Zealot x2  
  165  15:55  Zealot x7  
  165  15:56  Gateway  
  165  15:57  Gateway  
  101  16:27  Dark Templar x3  
  101  16:28  Dark Templar x6  
  96  17:00  Tempest x2 (Chrono Boost)  
  94  17:05  Zealot x6  
  66  17:27  Gateway  
  66  17:28  Gateway  
  62  17:30  Gateway  
  54  17:49  Tempest (Chrono Boost), Carrier (Chrono Boost)  
  61  17:58  Zealot  
  61  17:59  Zealot x3  
Tags
 
Composition
Carriers
Matchup
PvP
Player
ViBE
Replay Pack
Gold_League
Spawn Locations
Cross Positions
Add a new tag
Caveats
  • Supply blocks, unpowered buildings, or Contaminate may cause inaccurate times.
  • Supply counts are checked every 10 seconds.